 Dungeon Crawl Stone Soup version 0.21.1-1-g345015f (webtiles) character file.

246 troglodite the Skirmisher (level 5, -1/42 HPs)
             Began as a Demonspawn Berserker on Mar 15, 2018.
             Was a Believer of Trog.
             Slain by a worker ant (3 damage)
             ... on level 4 of the Dungeon.
             The game lasted 00:07:59 (2380 turns).

troglodite the Skirmisher (Demonspawn Berserker)    Turns: 2380, Time: 00:08:00

Health: -1/42      AC:  9    Str: 18    XL:     5   Next: 84%
Magic:  5/5        EV:  8    Int:  8    God:    Trog [**....]
Gold:   180        SH:  8    Dex: 13    Spells: 4/4 levels left

rFire    + . .     SeeInvis .   a - +0 falchion
rCold    + . .     Gourm    .   n - +0 shield
rNeg     . . .     Faith    .   j - +0 scale mail
rPois    +         Spirit   .   (no helmet)
rElec    +         Reflect  .   l - +0 cloak
rCorr    +         Harm     .   (no gloves)
MR       .....                  (no boots)
Stlth    ..........             (no amulet)
HPRegen  0.14/turn              (no ring)
MPRegen  0.09/turn              (no ring)

@: lethally poisoned (-1 -> -6), resistant, berserk cooldown, slowed, very slow
A: claws 1, iridescent scales 1
a: Berserk, Trog's Hand, Burn Spellbooks, Renounce Religion


You were on level 4 of the Dungeon.
You worshipped Trog.
Trog was pleased with you.
You were hungry.

You visited 1 branch of the dungeon, and saw 4 of its levels.

You collected 180 gold pieces.

Inventory:

Hand Weapons
 a - a +0 falchion (weapon)
Armour
 j - a +0 scale mail (worn)
 l - a +0 cloak (worn)
 n - a +0 shield (worn)
Scrolls
 b - 2 scrolls of remove curse {unknown}
 d - 3 scrolls of teleportation {unknown}
 e - a scroll of enchant armour {unknown}
 g - 4 scrolls of identify {unknown}
 h - a scroll of fear {unknown}
 m - 3 scrolls of magic mapping {unknown}
Potions
 k - a potion of agility {unknown}
 o - a potion of brilliance {unknown}
 p - a potion of curing {unknown}
Comestibles
 c - 4 rations


   Skills:
 * Level 4.1 Fighting
 + Level 3.8 Long Blades
 * Level 3.0 Armour
 + Level 2.2 Dodging
 + Level 0.5 Stealth
 * Level 1.8 Shields


You had 4 spell levels left.
You didn't know any spells.

Dungeon Overview and Level Annotations

Branches:
Dungeon (4/15)
 Temple: D:4-7

Altars:
Kikubaaqudgha
Ru
Yredelemnul


Innate Abilities, Weirdness & Mutations

You have sharp fingernails.
You are partially covered in iridescent scales. (AC +2)


Message History

* * * LOW HITPOINT WARNING * * *
You are lethally poisoned!
The worker ant poisons you!
You slash the worker ant!
The worker ant is severely wounded.
* * * LOW HITPOINT WARNING * * *
You feel sick. You block the worker ant's attack. x2
You hit the worker ant.
The worker ant is severely wounded.
* * * LOW HITPOINT WARNING * * *
You feel sick. The worker ant barely misses you.
You riposte.
You barely miss the worker ant.
The worker ant is severely wounded.
You block the worker ant's attack.
The worker ant bites you but does no damage.
It was a potion of resistance.
You feel protected.
* * * LOW HITPOINT WARNING * * *
You feel sick. You block the worker ant's attack. The worker ant bites you.
You die...

#..............
#..............
#..............
#<....... #####
#....###+#
.....##....##...
..$.............
................
......)@a...$...
................
################


You could see a worker ant.

Vanquished Creatures
  Sigmund (D:4)
  4 adders
  3 worms (D:2)
  2 dart slugs (D:1)
  A leopard gecko (D:1)
  An orc (D:3)
  12 bats
  6 giant cockroaches
  6 goblins
  2 hobgoblins
  3 frilled lizards
  2 gnoll zombies (D:2)
  2 kobolds
  9 rats
54 creatures vanquished.

Notes
Turn   | Place    | Note
-------+----------+-------------------------------------------
     0 | D:1      | troglodite the Demonspawn Berserker began the quest for the Orb.
     0 | D:1      | Reached XP level 1. HP: 18/18 MP: 1/1
   357 | D:1      | Gained mutation: You are partially covered in iridescent scales. (AC +2) [demonic ancestry]
   357 | D:1      | Reached XP level 2. HP: 23/24 MP: 2/2
   643 | D:1      | Reached ** piety under Trog
   652 | D:1      | Reached XP level 3. HP: 20/29 MP: 3/3
   879 | D:2      | Found an ancient bone altar of Kikubaaqudgha.
   992 | D:2      | Found a sacrificial altar of Ru.
  1115 | D:2      | Gained mutation: You have sharp fingernails. [demonic ancestry]
  1115 | D:2      | Reached XP level 4. HP: 34/37 MP: 4/4
  1476 | D:2      | Found a basalt altar of Yredelemnul.
  1731 | D:3      | Reached skill level 1 in Shields
  2352 | D:4      | Noticed Sigmund
  2373 | D:4      | Killed Sigmund
  2373 | D:4      | Reached skill level 4 in Fighting
  2373 | D:4      | Reached XP level 5. HP: 15/42 MP: 5/5
  2380 | D:4      | HP: 2/42 [poisoned by a worker ant]
  2380 | D:4      | Slain by a worker ant

Skill      XL: |  1  2  3  4 |
---------------+-------------+-----
Long Blades    | 3 |  3.8
Armour         | 2 3 |  3.0
Shields        | 1 |  1.8
Dodging        | 2 |  2.2
Fighting       | 4 |  4.1
Stealth        | |  0.5

Action                   |  1- 3 |  4- 6 || total
-------------------------+-------+-------++-------
Melee: Falchion          |   107 |    94 ||   201
Invok: Berserk           |     2 |     1 ||     3
  Use: Potion            |       |     1 ||     1
 Stab: Sleeping          |     1 |       ||     1
  Eat: Chunk             |     3 |     4 ||     7
Armor: Animal skin       |    16 |       ||    16
       Scale mail        |    16 |    52 ||    68
Dodge: Dodged            |    54 |    28 ||    82
Block: Buckler           |     6 |    10 ||    16
       Shield            |       |    40 ||    40
       Rpst.: Falchion   |    19 |    11 ||    30
